 Dungeon Crawl Stone Soup version 0.23-a0-639-ga9a3373 (webtiles) character file.

10843 zishaf the Grappler (level 11, -1/109 HPs)
             Began as a Troll Hunter on Dec 30, 2018.
             Was an Elder of the Shining One.
             Slain by Rupert
             ... wielding a +1 great sword of slicing
              (5 damage)
             ... on level 12 of the Dungeon.
             The game lasted 00:21:28 (9858 turns).

zishaf the Grappler (Troll Hunter)                  Turns: 9858, Time: 00:21:29

Health: -1/109     AC:  7    Str: 22    XL:     11   Next: 41%
Magic:  13/15      EV: 14    Int:  7    God:    the Shining One [****..]
Gold:   863        SH:  9    Dex: 19    Spells: 10/10 levels left

rFire    . . .     SeeInvis .     - Unarmed
rCold    . . .     Gourm    +   (no shield)
rNeg     + + .     Faith    .   M - +0 troll leather armour
rPois    .         Spirit   .   (helmet restricted)
rElec    .         Reflect  .   (no cloak)
rCorr    .         Harm     .   (gloves unavailable)
MR       +....                  (boots unavailable)
Stlth    +.........             (no amulet)
HPRegen  1.08/turn              y - ring "Tassocal" {Ice Dex+3}
MPRegen  0.14/turn              N - ring of Ciqist {Fire MR+ Dex+3 Stlth+}

@: divine shield, glowing
A: large, unfitting armour, claws 3, fast metabolism 3, gourmand, regeneration
1, shaggy fur 1, tough skin 2
a: Divine Shield, Cleansing Flame, Renounce Religion


You were on level 12 of the Dungeon.
You worshipped the Shining One.
The Shining One was greatly pleased with you.
You were very full.

You visited 2 branches of the dungeon, and saw 14 of its levels.
You also visited: Ossuary.

You collected 863 gold pieces.

Inventory:

Hand Weapons
 a - a +0 blowgun
Missiles
 c - 10 large rocks (quivered)
 d - 2 throwing nets {!f}
 n - 8 curare-tipped needles
 s - 44 poisoned needles
 w - 5 javelins
 F - 4 steel javelins
 K - 7 tomahawks
Armour
 M - a +0 troll leather armour (worn)
Jewellery
 g - an uncursed ring of protection from magic
 v - an uncursed ring of wizardry
 y - the ring "Tassocal" (left claw) {Ice Dex+3}
   (You found it on level 6 of the Dungeon)

   [ring of ice]

   It enhances your ice magic.
   It affects your dexterity (+3).
   It makes you vulnerable to fire.
   It protects you from cold.
 N - the ring of Ciqist (right claw) {Fire MR+ Dex+3 Stlth+}
   (You found it on level 10 of the Dungeon)

   [ring of fire]

   It enhances your fire magic.
   It affects your dexterity (+3).
   It protects you from fire.
   It makes you vulnerable to cold.
   It affects your resistance to hostile enchantments.
   It makes you more stealthy.
 O - an uncursed ring of flight
Wands
 i - a wand of iceblast (8)
 l - a wand of flame (61)
 z - a wand of enslavement (11)
 A - a wand of paralysis (7)
 E - a wand of clouds (10)
Scrolls
 b - 2 scrolls of identify
 j - 2 scrolls of remove curse
 p - 4 scrolls of immolation
 q - 3 scrolls of enchant armour
 r - 4 scrolls of teleportation
 x - 2 scrolls of enchant weapon
 C - 4 scrolls of fear
 J - 2 scrolls of magic mapping
Potions
 e - 3 potions of brilliance
 h - 2 potions of ambrosia
 k - 3 potions of flight
 m - 3 potions of cancellation
 o - 3 potions of magic
 t - 4 potions of haste
 u - 4 potions of heal wounds
 B - 5 potions of agility
 G - a potion of curing
 H - 3 potions of mutation
 L - a potion of lignification
Miscellaneous
 D - a phial of floods
Comestibles
 f - 27 rations


   Skills:
 + Level 7.3 Fighting
 - Level 5.0 Throwing
 + Level 3.2 Armour
 - Level 6.4 Dodging
 - Level 0.3 Stealth
 + Level 10.7 Unarmed Combat
 * Level 6.7 Invocations


You had 10 spell levels left.
You didn't know any spells.
Your spell library contained the following spells:

 Spells                   Type           Power        Failure   Level  Hunger
 Sandblast                Erth           #.....       47%         1    ##.....
 Summon Small Mammal      Summ           #...         47%         1    ##.....
 Call Imp                 Summ           #.......     63%         2    ###....
 Passwall                 Tmut/Erth      #.......     63%         2    ###....
 Call Canine Familiar     Summ           #.......     85%         3    ####...
 Ignite Poison            Fire/Tmut/Pois #.......     85%         3    ####...
 Stone Arrow              Conj/Erth      #.....       85%         3    ####...
 Summon Guardian Golem    Hex/Summ       #.......     85%         3    ####...
 Olgreb's Toxic Radiance  Pois           #.......     99%         4    #####..
 Petrify                  Tmut/Erth      #.......     99%         4    #####..
 Summon Ice Beast         Ice/Summ       #.......     99%         4    #####..
 Summon Lightning Spire   Summ/Air       #.......     99%         4    #####..
 Alistair's Intoxication  Tmut/Pois      #.......     100%        5    ######.
 Bolt of Magma            Conj/Fire/Erth #.........   100%        5    ######.
 Lee's Rapid Deconstruct  Erth           #.........   100%        5    ######.


Dungeon Overview and Level Annotations

Branches:
Dungeon (13/15)            Temple (1/1) D:5            Lair (0/6) D:10
    Orc (0/2) D:11
 Vaults: D:13-14

Altars:
Ashenzari
Cheibriados
Dithmenos
Elyvilon
Fedhas
Gozag
Hepliaklqana
Kikubaaqudgha
Makhleb
Nemelex Xobeh
Okawaru
Qazlal
Ru
Sif Muna
Trog
Uskayaw
Vehumet
Wu Jian
Xom
Yredelemnul
Zin
The Shining One
Beogh

Shops:
D:4 *   D:12 (

Annotations:
D:12 Rupert


Innate Abilities, Weirdness & Mutations

You are too large for most types of armour.
You have claws for hands.
Your metabolism is lightning-fast.
You like to eat raw meat.
Your natural rate of healing is unusually fast.
You are covered in fur. (AC +1)
You have very tough skin. (AC +2)


Message History

Rupert roars madly and goes into a rage!
Rupert goes berserk!
You scratch Rupert but do no damage. You claw Rupert, but do no damage.
Rupert is moderately wounded.
Rupert barely misses you.
You claw Rupert!
Rupert is moderately wounded.
Rupert hits you with a +1 great sword of slicing!
You claw Rupert! You claw Rupert, but do no damage.
Rupert is moderately wounded.
Rupert hits you with a +1 great sword of slicing!!!
* * * LOW HITPOINT WARNING * * *
Rupert rages.
Rupert hits you with a +1 great sword of slicing!!
* * * LOW HITPOINT WARNING * * *
x2 An orc comes into view. It is wielding a +0 hand axe.
The orc shouts!
You hear a shout! x3
Rupert hits you with a +1 great sword of slicing!!
The Shining One protects you from harm!
You die...

#.......# #.......#
+.......# #.......#
#.....O.#
+##############.......##
..............#######'#.
...o....................
###....@# #.....####....
.......@# #.....# #....
........###<)...## #....
........................
########################


You could see Rupert (berserk) and an orc.

Vanquished Creatures
  A two-headed ogre (D:8)
  An orc knight (D:11)
  Pikel (D:6)
  2 cyclopes
  A hornet (D:6)
  A troll (D:9)
  4 hippogriffs
  Grinder (D:3)
  8 yaks
  Eustachio (D:5)
  2 humans (D:9)
  Edmund (D:6)
  Menkaure (Ossuary)
  A water moccasin (D:11)
  An ice beast (D:7)
  5 orc warriors
  2 sky beasts
  3 phantoms
  5 ogres
  2 crocodiles
  6 centaurs
  A big kobold (D:8)
  6 bullfrogs
  A wyvern skeleton (D:8)
  3 scorpions
  A water moccasin skeleton (D:9)
  5 killer bees (D:12)
  7 wights
  5 crimson imps
  A bullfrog zombie (D:5)
  2 centaur zombies
  8 hounds
  5 orc priests
  3 orc wizards
  3 bullfrog skeletons
  4 centaur skeletons
  Terence (D:2)
  7 iguanas
  Natasha (thrice) (D:3)
  5 worker ants
  3 mummies (Ossuary)
  Robin (D:2)
  A worker ant zombie (D:11)
  10 adders
  5 shadow imps
  An ooze (D:7)
  An adder zombie (D:8)
  4 worms
  3 dart slugs
  10 leopard geckos
  36 orcs
  2 giant cockroaches
  5 gnoll zombies (Ossuary)
  14 goblins
  11 hobgoblins
  10 jackals
  3 quokkas
  2 ball pythons
  9 bats
  2 frilled lizards (D:1)
  4 gnoll skeletons (Ossuary)
  3 goblin skeletons (Ossuary)
  A goblin zombie (Ossuary)
  2 hobgoblin skeletons (Ossuary)
  3 hobgoblin zombies (Ossuary)
  15 kobolds
  7 kobold skeletons (Ossuary)
  3 kobold zombies (Ossuary)
  9 orc zombies (Ossuary)
  6 rats
  9 rat skeletons (Ossuary)
  3 rat zombies (Ossuary)
319 creatures vanquished.

Vanquished Creatures (others)
  3 slaves (D:6)
  A wight (D:6)
  A crimson imp (D:6)
  An orc wizard (D:6)
  2 orcs (D:6)
  A hobgoblin zombie (Ossuary)
9 creatures vanquished.

Grand Total: 328 creatures vanquished

Notes
Turn   | Place    | Note
-------+----------+-------------------------------------------
     0 | D:1      | zishaf the Troll Hunter began the quest for the Orb.
     0 | D:1      | Reached XP level 1. HP: 19/19 MP: 0/0
   191 | D:1      | Reached XP level 2. HP: 28/28 MP: 1/1
   257 | D:1      | Reached skill level 1 in Unarmed Combat
   360 | D:1      | Reached XP level 3. HP: 35/35 MP: 2/2
   798 | D:2      | Noticed Terence
   804 | D:2      | Killed Terence
   804 | D:2      | Reached skill level 2 in Unarmed Combat
   804 | D:2      | Reached XP level 4. HP: 35/42 MP: 3/3
  1041 | D:2      | Reached XP level 5. HP: 50/50 MP: 4/4
  1300 | D:3      | Noticed Robin
  1362 | D:3      | Reached skill level 3 in Unarmed Combat
  1377 | D:2      | Killed Robin
  1516 | D:3      | Noticed Natasha
  1523 | D:3      | Killed Natasha
  1713 | D:3      | Noticed Grinder
  1717 | D:3      | Killed Grinder
  1717 | D:3      | Reached skill level 4 in Unarmed Combat
  1717 | D:3      | Reached XP level 6. HP: 46/59 MP: 5/5
  1719 | D:3      | Noticed Natasha
  1734 | D:3      | Killed Natasha
  1780 | D:3      | Noticed Natasha
  1786 | D:3      | Killed Natasha
  2042 | D:4      | Found Jomurioxi's Lightly-Used Armoury.
  2064 | D:4      | Identified the Disquisition on Flamy Venom
  2307 | D:5      | Entered Level 5 of the Dungeon
  2308 | D:5      | Found a staircase to the Ecumenical Temple.
  2317 | Temple   | Entered the Ecumenical Temple
  2409 | Temple   | Became a worshipper of the Shining One
  2439 | D:5      | Reached XP level 7. HP: 61/67 MP: 6/6
  2666 | D:5      | Reached skill level 5 in Unarmed Combat
  2697 | D:5      | Reached skill level 5 in Throwing
  2940 | D:5      | Noticed Eustachio
  2949 | D:5      | Killed Eustachio
  2949 | D:5      | Reached XP level 8. HP: 68/78 MP: 7/7
  3116 | D:5      | Reached * piety under the Shining One
  3129 | D:5      | Reached skill level 6 in Unarmed Combat
  3369 | D:6      | Found a shattered altar of Ashenzari.
  3369 | D:6      | Noticed Pikel
  3371 | D:6      | Paralysed by Pikel for 5 turns
  3394 | D:6      | Paralysed by Pikel for 2 turns
  3401 | D:6      | Killed Pikel
  3401 | D:6      | Reached skill level 7 in Unarmed Combat
  3672 | D:6      | Noticed a hornet
  3685 | D:6      | Paralysed by a hornet for 1 turns
  3685 | D:6      | HP: 3/79 [hornet (1)]
  3689 | D:6      | Killed a hornet
  3689 | D:6      | Reached skill level 8 in Unarmed Combat
  3689 | D:6      | Reached XP level 9. HP: 13/87 MP: 8/8
  3820 | D:6      | Noticed Edmund
  3829 | D:6      | Killed Edmund
  3829 | D:6      | Reached skill level 5 in Fighting
  3829 | D:6      | Reached skill level 5 in Dodging
  4177 | D:6      | Got a coiled steel ring
  4184 | D:6      | Identified the ring "Tassocal" {Ice Dex+3} (You found it on
                  | level 6 of the Dungeon)
  4352 | D:6      | Found a shattered altar of Ashenzari.
  4395 | D:6      | Reached ** piety under the Shining One
  5097 | D:7      | Reached skill level 9 in Unarmed Combat
  5255 | D:7      | Found a sparkling altar of Nemelex Xobeh.
  6296 | D:8      | Found a sand-covered staircase.
  6301 | D:8      | Reached skill level 1 in Invocations
  6357 | Ossuary  | Entered an ossuary
  6370 | Ossuary  | Reached *** piety under the Shining One
  6463 | Ossuary  | Reached **** piety under the Shining One
  6529 | Ossuary  | Reached ***** piety under the Shining One
  6660 | Ossuary  | Noticed Menkaure
  6668 | Ossuary  | Killed Menkaure
  6871 | D:8      | Reached XP level 10. HP: 98/98 MP: 10/10
  6894 | D:8      | Noticed a two-headed ogre
  6900 | D:8      | Killed a two-headed ogre
  7333 | D:9      | Found an iron altar of Okawaru.
  7805 | D:9      | Reached skill level 10 in Unarmed Combat
  8027 | D:10     | Entered Level 10 of the Dungeon
  8128 | D:10     | You fall through a shaft for 3 floors!
  8173 | D:12     | Found Laemuck's Weapon Boutique.
  8276 | D:10     | Got a smoking marble ring
  8286 | D:10     | Identified the ring of Ciqist {Fire MR+ Dex+3 Stlth+} (You
                  | found it on level 10 of the Dungeon)
  8433 | D:10     | Reached skill level 1 in Armour
  8490 | D:10     | Found a staircase to the Lair.
  8620 | D:11     | Noticed an orc knight
  8642 | D:11     | Killed an orc knight
  8642 | D:11     | Reached skill level 5 in Invocations
  8728 | D:11     | Found a roughly hewn altar of Beogh.
  8728 | D:11     | Found a staircase to the Orcish Mines.
  8791 | D:11     | Reached XP level 11. HP: 107/107 MP: 14/14
  9623 | D:12     | Noticed a five-headed hydra
  9624 | D:12     | Noticed a two-headed ogre
  9845 | D:12     | Noticed Rupert
  9855 | D:12     | HP: 1/109 [Rupert/+1 great sword of slicing (5)]
  9858 | D:12     | The Shining One protects you from harm!
  9858 | D:12     | Slain by Rupert

Vault maps used:
D:1:      dpeg_arrival_pits, minmay_indecisive_spiral
D:2:      minmay_general_purpose_star, uniq_terence
D:3:      first_ration, uniq_grinder, uniq_robin, uniq_natasha
D:4:      st_stairs_13, minmay_shop_damaged
D:5:      minmay_temple_entry_large_hall, uniq_eustachio
D:6:      evilmike_ruin_ashenzari, eino_curves_01, minmay_misc_feat_enclosed,
          uniq_edmund, uniq_pikel
D:7:      chequers_jeans, nemelex_lonely_heart_becter
D:8:      nicolae_ossuary_entry_ruins, hex_intersection, blue_anna_alchemist
D:9:      okawaru_humans
D:10:     lair_entry_dummy
D:11:     david_orc_5
D:12:     serial_shops, shop, uniq_rupert, uniq_kirke
D:13:     skrybe_vaults_entry_preservation
Temple:   nicolae_temple_the_god_donut
Ossuary:  ossuary_due_pyramid

Skill      XL: |  1  2  3  4  5  6  7  8  9 10 11 |
---------------+----------------------------------+-----
Unarmed Combat | 1 2 4 5 8 9 10 | 10.7
Fighting       | 2 3 4 5 6 7 |  7.3
Dodging        | 2 3 4 6 |  6.4
Throwing       | 4 5 |  5.0
Invocations    | 1 5 6 |  6.7
Armour         | 2 3 |  3.2
Stealth        | |  0.3

Action                   |  1- 3 |  4- 6 |  7- 9 | 10-12 || total
-------------------------+-------+-------+-------+-------++-------
Melee: Unarmed           |   145 |   148 |   329 |   254 ||   876
       Punch             |       |     3 |    14 |    23 ||    40
 Fire: Blowgun           |       |     1 |       |       ||     1
Throw: Large rock        |       |       |    12 |     3 ||    15
       Tomahawk          |       |       |     1 |    26 ||    27
Invok: Divine Shield     |       |       |       |     3 ||     3
  Use: Scroll            |       |    14 |     8 |     5 ||    27
       Potion            |       |       |     1 |     1 ||     2
  Eat: Chunk             |    13 |    15 |    35 |    31 ||    94
Armor: Robe              |    80 |    53 |    62 |     8 ||   203
       Troll leather arm |       |       |       |    40 ||    40
Dodge: Dodged            |    93 |    84 |   146 |   176 ||   499
Block: Other             |       |       |       |    19 ||    19

Table legend:
 A = Non-vault XP
 B = Vault XP
 C = Vault XP percentage of total XP
 D = Non-vault monster count
 E = Vault monster count
 F = Vault count percentage of total count
                 A         B        C        D         E       F
            +---------+---------+-------+---------+---------+-------
      Total |   12228 |    3262 |  21.1 |     215 |     100 |  31.7
            +---------+---------+-------+---------+---------+-------
        D:1 |      48 |       6 |  11.1 |      28 |       4 |  12.5
        D:2 |     116 |      65 |  35.9 |      14 |       8 |  36.4
        D:3 |     108 |     301 |  73.6 |      17 |      11 |  39.3
        D:4 |      63 |       3 |   4.5 |       6 |       1 |  14.3
        D:5 |     877 |     196 |  18.3 |      23 |       1 |   4.2
        D:6 |    1158 |     751 |  39.3 |      17 |       2 |  10.5
        D:7 |    1086 |       0 |   0.0 |      20 |       0 |   0.0
        D:8 |    1493 |      95 |   6.0 |      16 |       1 |   5.9
        D:9 |    1115 |     388 |  25.8 |      20 |       2 |   9.1
       D:10 |     838 |       0 |   0.0 |      11 |       0 |   0.0
       D:11 |    2336 |    1197 |  33.9 |      23 |      22 |  48.9
       D:12 |    2885 |       0 |   0.0 |      19 |       0 |   0.0
       D:13 |     105 |       0 |   0.0 |       1 |       0 |   0.0
    Ossuary |       0 |     260 | 100.0 |       0 |      48 | 100.0
            +---------+---------+-------+---------+---------+-------
